 Dungeon Sprint DCSS version 0.21-a0-59-g7b0e191 (webtiles) character file.

5411 Kidiri the Covert (level 10, -7/51 HPs)
             Began as a Spriggan Enchanter on June 16, 2017.
             Was an Elder of Wu Jian.
             Mangled by a spriggan berserker
             ... wielding a +0 quarterstaff
              (31 damage)
             ... in the Dungeon (Sprint IV: "Fedhas' Mad Dash").
             The game lasted 00:10:01 (2284 turns).

Kidiri the Covert (Spriggan Enchanter)              Turns: 2284, Time: 00:10:02

Health: -7/51      AC:  2    Str:  4    XL:     10   Next: 40%
Magic:  26/26      EV: 31    Int: 18    God:    Wu Jian [****..]
Gold:   23         SH:  8    Dex: 21    Spells: 20/32 levels left

rFire    + . .     SeeInvis +   l - +1 dagger (venom)
rCold    + . .     Gourm    .   a - +0 buckler
rNeg     . . .     Faith    .   b - +0 robe
rPois    .         Spirit   .   (helmet restricted)
rElec    .         Reflect  .   (no cloak)
rCorr    .         Harm     .   (gloves unavailable)
MR       ++...     NoTele   +   (boots unavailable)
Stlth    ++........             i - amulet of invisibility {+Inv}
HPRegen  0.17/turn              k - ring of loudness (curse)
MPRegen  0.20/turn              q - ring "Obephess" {+Blink rF+ rC+}

@: glowing, heavenly storm, very quick
A: unfitting armour, see invisible, agile 1, herbivore 3, speed 3, magic
resistance 1, slow metabolism 2, evolution 1
a: Serpent's Lash, Renounce Religion, Evoke Blink, Evoke Invisibility


You were in the Dungeon.
You worshipped Wu Jian.
Wu Jian was greatly pleased with you.
You were not hungry.

You visited 1 branch You collected 233 gold pieces.
You spent 210 gold pieces at shops.

Inventory:

Hand Weapons
 l - a +1 dagger of venom (weapon)
 m - a +0 rapier
Armour
 a - a +0 buckler (worn)
 b - a +0 robe (worn)
 p - the +1 fire dragon scales of Fusazeci {rF++ rC- rN+}
   (You found it in the Dungeon)

   It greatly protects you from fire.
   It makes you vulnerable to cold.
   It protects you from negative energy.
Jewellery
 i - the amulet of invisibility (around neck) {+Inv}
   (You found it in the Dungeon)

   [amulet of nothing]

   It lets you turn invisible.
 k - a cursed ring of loudness (left hand)
 o - an uncursed ring of ice
 q - the ring "Obephess" (right hand) {+Blink rF+ rC+}
   (You found it in the Dungeon)

   [ring of protection from cold]

   It protects you from fire.
   It protects you from cold.
   It lets you blink.
Scrolls
 j - a scroll of blinking
Potions
 g - 2 potions of haste
 h - 2 potions of magic
 n - a potion of resistance {unknown}
 s - a potion of curing
Books
 c - a book of Maledictions

   Spells                             Type                      Level
   a - Corona                         Hexes                        1
   b - Ensorcelled Hibernation        Hexes/Ice                    2
   c - Confuse                        Hexes                        3
   d - Tukima's Dance                 Hexes                        3
   e - Dazzling Spray                 Conjuration/Hexes            3
 e - a book of Misfortune

   Spells                             Type                      Level
   a - Confusing Touch                Hexes                        1
   b - Confuse                        Hexes                        3
   c - Gell's Gravitas                Translocation                3
   d - Petrify                        Transmutation/Earth          4
   e - Metabolic Englaciation         Hexes/Ice                    5
   f - Yara's Violent Unravelling     Hexes/Transmutation          5
Comestibles
 d - 2 bread rations


   Skills:
 + Level 5.3 Fighting
 * Level 10.3 Short Blades
 + Level 4.9 Armour
 * Level 13.3 Dodging
 * Level 14.5 Stealth
 + Level 4.1 Shields
 * Level 11.6 Spellcasting
 + Level 4.5 Conjurations
 + Level 8.8 Hexes
 + Level 5.2 Ice Magic
 + Level 8.0 Evocations


You had 20 spell levels left.
You knew the following spells:

 Your Spells              Type           Power        Failure   Level  Hunger
a - Corona                Hex            #####..      1%          1    None
b - Ensorcelled Hibernat  Hex/Ice        #####.       1%          2    None
c - Confuse               Hex            #####...     1%          3    None
d - Tukima's Dance        Hex            #####...     1%          3    None
e - Dazzling Spray        Conj/Hex       ####..       1%          3    None


Dungeon Overview and Level Annotations

Branches:
Dungeon (1/1)

Altars:
Cheibriados
Dithmenos
Elyvilon
Gozag
Hepliaklqana
Kikubaaqudgha
Makhleb
Nemelex Xobeh
Okawaru
Qazlal
Ru
Sif Muna
Trog
Uskayaw
Vehumet
Wu Jian
Xom
Yredelemnul
Zin
The Shining One
Beogh
Jiyva
Lugonu

Shops:
D %((=[!

Annotations:
D Agnes


Innate Abilities, Weirdness & Mutations

You are very small and have problems with some larger weapons.
You are too small for most types of armour.
You have supernaturally acute eyesight. (SInv)
You are a herbivore.
You cover ground extremely quickly.
You need consume almost no food.
You are agile. (Dex +2)
You are resistant to hostile enchantments. (MR+)
You evolve.


Message History

You feel much better.
The spriggan berserker closely misses you.
Unknown command.
The spriggan berserker misses you.
Unknown command.
You spin and attack the spriggan berserker.
You closely miss the spriggan berserker.
The spriggan berserker is lightly wounded.
Unknown command.
The spriggan berserker hits you with a quarterstaff!
Unknown command.
There is an open door here.
Things that are here:
a quarterstaff; a robe The spriggan berserker rages.
The spriggan berserker misses you.
You feel less exhausted.
The spriggan berserker hits you with a quarterstaff!!
Ouch! That really hurt!
You die...

#################################
#.....#.....#.⌠._._._._.⌠.#..+.)[
'.(...'.#...+.._._._._._..+..#.%.
#.....#.#...#..._._._._...#..###+
##########'##.._._._._._..#.)##∩∩
........'...#._._._._._.⌠.#######
..♣.....#...###################..
.♣..♣..######♣♣♣♣♣§§♣(###§§§§+...
##'######..'...§@i♣§§♣##§§#§§#.P.
...'.......#♣..♣♣♣§♣§§###i##§##.P
}###.......#.♣♣.)♣§§§♣§§§§#♣§♣###
## ########################...
i♣..♣ .♣.... .. ♣.... ## #####


You could see a spriggan berserker (berserk).

Vanquished Creatures
  A spriggan druid (D)
  6 oklob plants (D)
  A demonic crawler (D)
  3 burning bushes (D)
  A queen bee (D)
  3 wandering mushrooms (D)
  A hornet (D)
  2 scorpions (D)
  4 killer bees (D)
  5 oklob saplings (D)
  A worker ant (D)
  5 spriggans (D)
  A river rat (D)
  A rat (D)
  A ballistomycete spore (D)
36 creatures vanquished.

Notes
Turn   | Place    | Note
-------+----------+-------------------------------------------
     0 | D        | Kidiri the Spriggan Enchanter began the quest for the Orb.
     0 | D        | Reached XP level 1. HP: 9/9 MP: 5/5
   213 | D        | Reached skill level 5 in Stealth
   213 | D        | Reached XP level 2. HP: 14/14 MP: 5/7
   221 | D        | Learned a level 2 spell: Ensorcelled Hibernation
   269 | D        | Noticed an oklob sapling
   270 | D        | Killed an oklob sapling
   270 | D        | Reached skill level 1 in Fighting
   270 | D        | Reached skill level 5 in Dodging
   270 | D        | Reached skill level 6 in Stealth
   270 | D        | Reached XP level 3. HP: 18/18 MP: 7/9
   275 | D        | Learned a level 3 spell: Confuse
   279 | D        | Learned a level 3 spell: Tukima's Dance
   290 | D        | Reached skill level 1 in Armour
   316 | D        | Noticed an oklob sapling
   319 | D        | Killed an oklob sapling
   319 | D        | Reached skill level 5 in Spellcasting
   319 | D        | Reached skill level 1 in Evocations
   319 | D        | Reached XP level 4. HP: 23/23 MP: 9/12
   335 | D        | Learned a level 3 spell: Dazzling Spray
   572 | D        | Found an opulent altar of Gozag.
   572 | D        | Found a hazy altar of Hepliaklqana.
   572 | D        | Found a roughly hewn altar of Beogh.
   572 | D        | Found a snail-covered altar of Cheibriados.
   573 | D        | Found a viscous altar of Jiyva.
   573 | D        | Found a burning altar of Makhleb.
   573 | D        | Found a sparkling altar of Nemelex Xobeh.
   573 | D        | Found a sacrificial altar of Ru.
   573 | D        | Found a deep blue altar of Sif Muna.
   573 | D        | Found a bloodstained altar of Trog.
   573 | D        | Found an ornate altar of the Wu Jian Council.
   573 | D        | Found a shimmering altar of Xom.
   573 | D        | Found a basalt altar of Yredelemnul.
   574 | D        | Found an iron altar of Okawaru.
   574 | D        | Found a glowing silver altar of Zin.
   574 | D        | Found a shadowy altar of Dithmenos.
   575 | D        | Found a hide-covered altar of Uskayaw.
   575 | D        | Found an ancient bone altar of Kikubaaqudgha.
   577 | D        | Became a worshipper of the Wu Jian Council
   578 | D        | Found a glowing golden altar of the Shining One.
   578 | D        | Found a stormy altar of Qazlal.
   578 | D        | Found a white marble altar of Elyvilon.
   579 | D        | Found a radiant altar of Vehumet.
   579 | D        | Found a corrupted altar of Lugonu.
   582 | D        | Reached skill level 7 in Stealth
   582 | D        | Reached skill level 5 in Hexes
   683 | D        | Reached skill level 1 in Ice Magic
   683 | D        | Reached XP level 5. HP: 26/26 MP: 10/14
   817 | D        | Reached * piety under Wu Jian
   817 | D        | Reached skill level 8 in Stealth
   817 | D        | Reached skill level 1 in Conjurations
   819 | D        | Reached skill level 5 in Short Blades
   840 | D        | Found Eloef's Antique Weapon Shop.
   840 | D        | Found Dufiki's Food Emporium.
   953 | D        | Noticed a burning bush
   953 | D        | Noticed a wandering mushroom
   954 | D        | Noticed a wandering mushroom
   956 | D        | Killed a wandering mushroom
   956 | D        | Reached ** piety under Wu Jian
   956 | D        | Reached skill level 9 in Stealth
   956 | D        | Reached skill level 1 in Shields
   956 | D        | Reached XP level 6. HP: 32/32 MP: 13/17
   957 | D        | Killed a burning bush
   957 | D        | Reached skill level 10 in Stealth
   957 | D        | Reached XP level 7. HP: 36/36 MP: 13/19
   959 | D        | Killed a wandering mushroom
   959 | D        | Reached skill level 10 in Dodging
   959 | D        | Reached skill level 11 in Stealth
   959 | D        | Reached skill level 5 in Evocations
   972 | D        | Found Gubbamm's Jewellery Emporium.
   972 | D        | Found Azijiry's Weapon Shoppe.
  1038 | D        | Noticed a queen bee
  1046 | D        | Reached *** piety under Wu Jian
  1046 | D        | Reached XP level 8. HP: 40/40 MP: 16/21
  1064 | D        | Killed a queen bee
  1064 | D        | Reached **** piety under Wu Jian
  1302 | D        | Noticed an oklob plant
  1305 | D        | Killed an oklob plant
  1305 | D        | Reached skill level 12 in Stealth
  1318 | D        | Noticed a burning bush
  1339 | D        | Killed a burning bush
  1339 | D        | Reached XP level 9. HP: 10/45 MP: 0/23
  1573 | D        | Noticed a burning bush
  1573 | D        | Noticed an oklob plant
  1574 | D        | Noticed a wandering mushroom
  1578 | D        | Killed an oklob plant
  1578 | D        | Reached skill level 10 in Spellcasting
  1580 | D        | Killed a wandering mushroom
  1580 | D        | Reached ***** piety under Wu Jian
  1580 | D        | Reached skill level 13 in Stealth
  1611 | D        | Killed a burning bush
  1773 | D        | Got bronze fire dragon scales
  1784 | D        | Identified the +1 fire dragon scales of Fusazeci {rF++ rC- rN+} (You found it in the Dungeon)
  1802 | D        | Noticed a spriggan druid
  1803 | D        | Killed a spriggan druid
  1950 | D        | Noticed an oklob plant conjurer
  1951 | D        | Killed an oklob plant conjurer
  2038 | D        | Noticed an oklob plant
  2038 | D        | Noticed an oklob plant summoner
  2039 | D        | Noticed an oklob plant shifter
  2043 | D        | Killed an oklob plant
  2043 | D        | Reached skill level 5 in Fighting
  2043 | D        | Reached XP level 10. HP: 51/51 MP: 22/26
  2045 | D        | Killed an oklob plant summoner
  2045 | D        | Reached skill level 14 in Stealth
  2046 | D        | Killed an oklob plant shifter
  2046 | D        | Reached skill level 10 in Short Blades
  2058 | D        | Reached skill level 5 in Ice Magic
  2061 | D        | Noticed a spriggan rider
  2062 | D        | Found Qory's Armour Emporium.
  2066 | D        | Found Jauqei's Distillery.
  2067 | D        | Reached ****** piety under Wu Jian
  2099 | D        | Got a brightly glowing wooden ring
  2101 | D        | Identified the ring "Obephess" {+Blink rF+ rC+} (You found it in the Dungeon)
  2114 | D        | Bought a potion of mutation for 80 gold pieces
  2114 | D        | Bought a potion of curing for 30 gold pieces
  2114 | D        | Bought a potion of haste for 100 gold pieces
  2114 | D        | Gained mutation: You are resistant to hostile enchantments. (MR+) [potion of mutation]
  2114 | D        | Gained mutation: You are agile. (Dex +2) [potion of mutation]
  2114 | D        | Gained mutation: You evolve. [potion of mutation]
  2262 | D        | Noticed Agnes
  2264 | D        | Noticed a spriggan berserker
  2284 | D        | Mangled by a spriggan berserker

Vault maps used:
D:        dungeon_sprint_fedhas

Skill      XL: |  1  2  3  4  5  6  7  8  9 10 |
---------------+-------------------------------+-----
Short Blades   | 2 3 4 6 7 8 9 10 | 10.3
Dodging        | 4 5 7 8 9 10 11 12 13 | 13.3
Stealth        | 5 6 7 9 10 11 12 13 14 | 14.5
Spellcasting   | 3 4 5 6 7 8 9 11 | 11.6
Fighting       | 1 2 3 4 5 |  5.3
Hexes          | 4 5 6 7 8 |  8.8
Armour         | 1 2 3 4 |  4.9
Evocations     | 1 2 4 5 6 7 8 |  8.0
Ice Magic      | 1 2 3 4 5 |  5.2
Conjurations   | 2 3 4 |  4.5
Shields        | 1 2 3 4 |  4.1

Action                   |  1- 3 |  4- 6 |  7- 9 | 10-12 || total
-------------------------+-------+-------+-------+-------++-------
Melee: Dagger            |     8 |     7 |    48 |     5 ||    68
       Rapier            |       |       |     1 |    14 ||    15
 Cast: Ensorcelled Hiber |       |     1 |     1 |       ||     2
       Dazzling Spray    |       |       |    12 |       ||    12
Invok: Serpent's Lash    |       |       |       |     2 ||     2
       Heavenly Storm    |       |       |       |     2 ||     2
 Abil: Evoke Invisibilit |     1 |     4 |     6 |       ||    11
  Use: Potion            |     1 |       |     1 |     2 ||     4
       Scroll            |       |       |     1 |     1 ||     2
 Stab: Sleeping          |     4 |     7 |    10 |     5 ||    26
       Invisible         |       |       |     2 |       ||     2
  Eat: Royal jelly       |       |       |     3 |       ||     3
Armor: Robe              |       |       |     1 |       ||     1
Dodge: Dodged            |     3 |     2 |    40 |     8 ||    53
Block: Buckler           |       |       |       |     1 ||     1
